 Dungeon Crawl Stone Soup version 0.26-a0-20-g5f92b90fa0 (webtiles) character file.

Game seed: 4641439935243117326, levelgen mode: deterministic

107 MisterFreud the Skirmisher (level 4, -5/33 HPs)
             Began as an Octopode Gladiator on May 25, 2020.
             Slain by Grinder (6 damage)
             ... on level 3 of the Dungeon.
             The game lasted 00:02:47 (2576 turns).

MisterFreud the Skirmisher (Octopode Gladiator)     Turns: 2576, Time: 00:02:49

Health: -5/33      AC:  1    Str: 19    XL:     4   Next: 85%
Magic:  4/4        EV: 11    Int: 11    God:
Gold:   79         SH:  8    Dex: 13    Spells: 3/3 levels left

rFire    + . .     SeeInvis .   a - +0 long sword
rCold    . . .     Gourm    .   v - +0 kite shield
rNeg     . . .     Faith    .   b - +0 hat
rPois    .         Spirit   .   (no amulet)
rElec    .         Reflect  .   m - ring of protection from fire
rCorr    .         Harm     .   u - +6 ring of strength
MR       .....                  (no ring)
Stlth    ++........             (no ring)
HPRegen  0.11/turn              (no ring)
MPRegen  0.09/turn              (no ring)
                                (no ring)
                                (no ring)

@: lightly drained
A: almost no armour, stealthy swim, amphibious, 8 rings, constrict 8, camouflage
1, gelatinous body 1
a: no special abilities


You were on level 3 of the Dungeon.
You were not hungry.

You visited 1 branch of the dungeon, and saw 3 of its levels.

You collected 79 gold pieces.

Inventory:

Hand Weapons
 a - a +0 long sword (weapon)
 h - a +4 short sword
Missiles
 c - 3 throwing nets (quivered)
Armour
 b - a +0 hat (worn)
 v - a +0 kite shield (worn)
Jewellery
 m - a ring of protection from fire (left tentacle)
 u - a +6 ring of strength (right tentacle)
Scrolls
 f - 3 scrolls of remove curse {unknown}
 g - a scroll of magic mapping {unknown}
 i - 3 scrolls of blinking {unknown}
 k - 2 scrolls of teleportation {unknown}
 n - a scroll of fear {unknown}
 o - 2 scrolls of identify {unknown}
 t - a scroll of noise {unknown}
 x - a scroll of enchant weapon {unknown}
Potions
 e - 2 potions of might {unknown}
 j - a potion of resistance {unknown}
 l - a potion of haste {unknown}
 p - a potion of curing {unknown}
 r - a potion of degeneration {unknown}
 s - a potion of heal wounds {unknown}
 w - a potion of ambrosia {unknown}
 z - a potion of lignification {unknown}
Comestibles
 d - 3 rations
 q - 5 chunks of flesh


   Skills:
 - Level 4.0(3.7) Fighting
 + Level 3.7(3.5) Long Blades
 - Level 2.0(1.8) Throwing
 + Level 3.2(3.0) Dodging
 + Level 0.9(0.7) Shields


You had 3 spell levels left.
You didn't know any spells.
Your spell library contained the following spells:

 Spells                   Type           Power        Failure   Level  Hunger
 Confusing Touch          Hex            #.......     100%        3    ####...
 Gell's Gravitas          Tloc           #.........   100%        3    ####...
 Petrify                  Tmut/Erth      #.......     100%        4    #####..
 Metabolic Englaciation   Hex/Ice        #.........   100%        5    ######.
 Yara's Violent Unravell  Hex/Tmut       #.........   100%        5    ######.


Dungeon Overview and Level Annotations

Branches:
Dungeon (3/15)

Altars:
Yredelemnul

Annotations:
D:3 Grinder


Innate Abilities, Weirdness & Mutations

You cannot wear most types of armour.
You are very stealthy in the water. (Stealth+)
You are amphibious.
You can wear up to eight rings at the same time.
You can use your tentacles to constrict eight enemies at once.
Your skin changes colour to match your surroundings (Stealth+).
Your rubbery body absorbs attacks. (AC +1, EV +1)


Message History

You see here an orc skeleton. x2
Grinder comes into view.
Grinder is nearby!
Grinder shouts!
An adder comes into view.
Found a stone staircase leading down.
Grinder closely misses you.
You barely miss Grinder.
The adder hisses angrily.
You grab Grinder. You constrict Grinder. Grinder gestures at you.
Pain shoots through your body!
You hit Grinder. You squeeze Grinder, but do no damage.
Grinder is lightly wounded.
You constrict Grinder. The adder bites you.
Grinder grins, showing sharp teeth.
You block Grinder's attack. The adder bites you. Grinder hits you!
* * * LOW HITPOINT WARNING * * *
You writhe in agony.
You die...

#.###.......#####
#.....#.........#
.#
##......####.##.#
#.## #.....###
#.รท# ....
....#.# ##.# ...
....#.# #.# #>#
....#..
#.###..#####
....###
####...S......#
....#
#......@5.###
....# #.........#
....# #.........#
..... #.........#
..... #..$......#
....#
...........# .#..
...........# ....
............ .##


You could see Grinder and an adder.

Vanquished Creatures
  3 adders
  4 worms
  2 dart slugs
  A leopard gecko (D:1)
  5 orcs (D:3)
  2 ball pythons
  2 bats
  A giant cockroach (D:1)
  9 goblins
  7 hobgoblins
  5 frilled lizards
  9 kobolds
  7 rats
57 creatures vanquished.

Notes
Turn   | Place    | Note
-------+----------+-------------------------------------------
     0 | D:1      | MisterFreud the Octopode Gladiator began the quest for the
                  | Orb.
     0 | D:1      | Reached XP level 1. HP: 14/14 MP: 1/1
   319 | D:1      | Reached XP level 2. HP: 20/20 MP: 2/2
   480 | D:1      | Reached skill level 3 in Fighting
   696 | D:1      | Reached XP level 3. HP: 26/26 MP: 3/3
  1360 | D:2      | Reached skill level 4 in Fighting
  1477 | D:2      | Found a basalt altar of Yredelemnul.
  1781 | D:2      | Reached XP level 4. HP: 33/33 MP: 4/4
  2571 | D:3      | Noticed Grinder
  2576 | D:3      | HP: 1/33 [Grinder (11)]
  2576 | D:3      | Slain by Grinder

Illustrated notes

Levels and vault maps discovered:
D:1:      dpeg_arrival_water_temple_mockup, layout_loops_ring,
          grunt_decor_mini_mirrors, serial_park_tiny_pond, minivault_5,
          skrybe_limestone_x
D:2:      layout_loops_ring, corexii_item_surrounded_by_moat,
          yredelemnul_altar_generic
D:3:      layout_rooms, lemuel_altar_in_water, uniq_ijyb, uniq_grinder,
          uniq_natasha

Skill      XL: |  1  2  3 |
---------------+----------+-----
Fighting       | 3 4 |  4.0
Long Blades    | |  3.7
Throwing       | |  2.0
Dodging        | |  3.2
Shields        | |  0.9

Action                   |  1- 3 |  4- 6 || total
-------------------------+-------+-------++-------
Melee: Long sword        |    62 |    28 ||    90
       Constrict         |    23 |     7 ||    30
       Tentacles         |    15 |     5 ||    20
 Stab: Sleeping          |    10 |     1 ||    11
  Eat: Chunk             |     3 |     2 ||     5
Armor: Skin              |     1 |     2 ||     3
Dodge: Dodged            |    37 |    10 ||    47
Block: Kite shield       |       |     9 ||     9
       Rpst.: Long sword |    14 |     3 ||    17

Table legend:
 A = Non-vault XP
 B = Vault XP
 C = Vault XP percentage of total XP
 D = Non-vault monster count
 E = Vault monster count
 F = Vault count percentage of total count
                 A         B        C        D         E       F
            +---------+---------+-------+---------+---------+-------
      Total |     153 |       0 |   0.0 |      57 |       0 |   0.0
            +---------+---------+-------+---------+---------+-------
        D:1 |      38 |       0 |   0.0 |      21 |       0 |   0.0
        D:2 |      70 |       0 |   0.0 |      22 |       0 |   0.0
        D:3 |      45 |       0 |   0.0 |      14 |       0 |   0.0
            +---------+---------+-------+---------+---------+-------
